 Dungeon Crawl Stone Soup version 0.19-a0-1732-g0b18a7b (webtiles) character file.

20660 Amnesiac the Earth Mage (level 12, -3/59 HPs)
             Began as a Deep Elf Earth Elementalist on Sept 30, 2016.
             Was a High Priest of Sif Muna.
             Slain by a wolf (8 damage)
             ... on level 2 of the Lair of Beasts.
             The game lasted 00:27:11 (14515 turns).

Amnesiac the Earth Mage (DEEE)                     Turns: 14515, Time: 00:27:12

Health: -3/59      AC:  4    Str:  1    XL:     12   Next: 47%
Magic:  6/33       EV: 13    Int: 23    God:    Sif Muna [*****.]
Gold:   735        SH:  0    Dex: 16    Spells: 9 memorised, 11 levels left

rFire  . . .     SeeInvis .     C - 99 stones
rCold  . . .     Gourm    .     c - +0 robe
rNeg   . . .     Faith    .     (no shield)
rPois  +         Spirit   .     (no helmet)
rElec  .         Dismiss  .     s - +0 cloak
rCorr  .         Reflect  .     x - +0 pair of gloves
MR     +....     Harm     .     (no boots)
Stlth  ++........ Rnd*Rage +    (no amulet)
                                (no ring)
                                (no ring)

@: divine energy
A: talons 1, berserk 1, dopey 1, sense surroundings 1, poison resistance, weak
2, wild magic 2
a: Stop Divine Energy, Channel Magic, Forget Spell, Renounce Religion


You were on level 2 of the Lair of Beasts.
You worshipped Sif Muna.
Sif Muna was extremely pleased with you.
You were not hungry.

You visited 4 branches of the dungeon, and saw 16 of its levels.

You collected 735 gold pieces.

Inventory:

Hand Weapons
 J - the cursed +1 quarterstaff "Voutock" {crush, +Rage Dex+2, unknown}
   (You found it on level 10 of the Dungeon)

   It inflicts extra damage upon your enemies.
   It affects your dexterity (+2).
   It lets you go berserk.
   It has a curse placed upon it.
 L - a +3 dagger of venom
Missiles
 C - 99 stones (in hand)
Armour
 c - a +0 robe (worn)
 r - the +5 ring mail of Leaves {rC+ Str+2 Int-2}
   (You found it on level 5 of the Dungeon)

   It affects your strength (+2).
   It affects your intelligence (-2).
   It protects you from cold.
 s - a +0 cloak (worn)
 x - a +0 pair of gloves (worn)
Jewellery
 h - an uncursed ring of fire
 t - an uncursed amulet of guardian spirit
 E - an uncursed ring of fire
Wands
 a - a wand of flame (26/48)
 j - a wand of polymorph (11/24)
 y - a wand of iceblast (10/15)
 H - a wand of paralysis (11/24)
 K - a wand of hasting (6/9)
Scrolls
 k - 4 scrolls of teleportation
 l - 2 scrolls of fog {unknown}
 m - 4 scrolls of remove curse
 q - a scroll of amnesia
 w - 4 scrolls of enchant armour
 z - 2 scrolls of identify
 D - a scroll of fear
 F - a scroll of blinking
Potions
 f - a potion of ambrosia
 n - 3 potions of magic
 B - a potion of cancellation
 I - a potion of flight
Books
 b - Sif Muna's Papyrus of Hurtful Evil Arts
   (Sif Muna gifted it to you on level 11 of the Dungeon)

   Spells                             Type                      Level
   a - Corpse Rot                     Necromancy                   2
   b - Regeneration                   Charms/Necromancy            3
   c - Bolt of Fire                   Conjuration/Fire             6
 e - a book of Geomancy

   Spells                             Type                      Level
   a - Sandblast                      Earth                        1
   b - Passwall                       Transmutation/Earth          2
   c - Stone Arrow                    Conjuration/Earth            3
   d - Petrify                        Transmutation/Earth          4
   e - Lee's Rapid Deconstruction     Earth                        5
 A - Sif Muna's Volume of Protection and Darkness
   (Sif Muna gifted it to you on level 1 of the Orcish Mines)

   Spells                             Type                      Level
   a - Shroud of Golubria             Charms/Translocation         2
   b - Vampiric Draining              Necromancy                   3
   c - Deflect Missiles               Charms/Air                   6
   d - Necromutation                  Transmutation/Necromancy     8
 G - Roxanne's Papyrus of the Mountains
   (Sif Muna gifted it to you on level 2 of the Lair of Beasts)

   Spells                             Type                      Level
   a - Stone Arrow                    Conjuration/Earth            3
   b - Bolt of Magma                  Conjuration/Fire/Earth       5
   c - Lee's Rapid Deconstruction     Earth                        5
   d - Iron Shot                      Conjuration/Earth            6
   e - Lehudib's Crystal Spear        Conjuration/Earth            8
   f - Shatter                        Earth                        9
Comestibles
 d - 7 bread rations
 g - 8 meat rations
 o - 11 fruits
 p - 2 slices of pizza
 u - 2 beef jerkies
 v - 8 royal jellies
 M - a chunk of flesh


   Skills:
 - Level 2.4 Dodging
 - Level 2.4 Stealth
 - Level 15.5 Spellcasting
 + Level 3.4 Conjurations
 - Level 6.0 Charms
 - Level 1.1 Transmutations
 - Level 4.2 Air Magic
 - Level 16.1 Earth Magic


You had 11 spell levels left.
You knew the following spells:

 Your Spells              Type           Power        Failure   Level  Hunger
a - Deflect Missiles      Chrm/Air       ######....   78%         6    ####...
b - Stone Arrow           Conj/Erth      ######       1%          3    None
c - Corpse Rot            Necr           N/A          14%         2    None
d - Bolt of Magma         Conj/Fire/Erth ######....   21%         5    ##.....
e - Petrify               Tmut/Erth      ######..     4%          4    None
f - Lee's Rapid Deconstr  Erth           #######...   1%          5    ##.....
r - Regeneration          Chrm/Necr      ######....   10%         3    None
v - Passwall              Tmut/Erth      ######....   1%          2    None
z - Sandblast             Erth           ######       1%          1    None


Dungeon Overview and Level Annotations

Branches:
Dungeon (11/15)            Temple (1/1) D:6            Lair (3/6) D:10
 Shoals (0/4) Lair:2        Snake (0/4) Lair:2          Orc (1/2) D:9

Altars:
Cheibriados
Dithmenos
Elyvilon
Gozag
Hepliaklqana
Kikubaaqudgha
Makhleb
Nemelex Xobeh
Okawaru
Qazlal
Ru
Sif Muna
Trog
Uskayaw
Vehumet
Xom
Yredelemnul
The Shining One
Beogh


Innate Abilities, Weirdness & Mutations

You have sharp toenails.
You tend to lose your temper in combat.
You are dopey. (Int -2)
You passively map a small area around you.
Your system is resistant to poisons. (rPois)
You are very weak. (Str -4)
Your spells are harder to cast, but more powerful.


Message History

Unknown command.
Casting: Sandblast
Confirm with . or Enter, or press ? or * to list all spells.
Aiming: Sandblast
Press: ? - help, Shift-Dir - straight line, f - wolf
Aim: a wolf (hasn't noticed you)
The rocky blast hits the wolf.
The wolf is heavily wounded.
The wolf howls!
The wolf closely misses you. x2
Unknown command.
Casting: Sandblast
Confirm with . or Enter, or press ? or * to list all spells.
Aiming: Sandblast
Press: ? - help, Shift-Dir - straight line, f/p - wolf
Aim: a wolf (heavily wounded)
You miscast Sandblast.
Sif Muna protects you from the effects of your miscast!
The wolf bites you!
You die...

...............#..###............
........###+.##...P#.............
...#.#.#......#######............
.##.8.#..#.#.#.##.8.##..........#
.#.....#.............#..........#
.#8.<..+...8...+..<.8............
.#.....#.......#.....#....#.....P
.#.......##....h#.8......####.#P#
..#....##.....##@###......# #####
........###+#####>........#
........#.....###.........#
.........#.....##........##
.......#.....#.##........#
..#..P.#.....#.#.........#
....P........#.#.........##
.......#..................#
........#................##


You could see a wolf.

Vanquished Creatures
  A hydra (Lair:2)
  A death knight (D:10)
  The ghost of ololoev the Prestidigitator, a novice DgAr (D:11)
  2 unseen horrors
  2 hill giants (D:10)
  An ugly thing (D:11)
  A black mamba (Lair:2)
  3 spiny frogs
  2 komodo dragons
  2 tengu conjurers (D:11)
  A troll (Orc:1)
  A two-headed ogre (D:8)
  8 blink frogs (Lair:1)
  2 hippogriffs
  A spriggan (D:10)
  A shadow (D:10)
  An air elemental (D:10)
  A wyvern (D:11)
  9 yaks
  A fire elemental (D:10)
  A human (D:10)
  A hungry ghost (D:11)
  A basilisk (Lair:2)
  A warg (Orc:1)
  3 nagas (Lair:2)
  6 water moccasins
  2 porcupines (Lair:2)
  2 sky beasts
  3 ice beasts
  12 orc warriors
  5 black bears
  2 eyes of draining
  3 necrophages
  2 phantoms
  7 centaurs
  4 ogres
  4 wolves (Lair:2)
  4 crocodiles
  2 big kobolds (D:10)
  12 bullfrogs
  An earth elemental (D:10)
  A wyvern zombie (D:10)
  A water moccasin zombie (D:9)
  3 scorpions
  6 killer bees
  8 wights
  5 howler monkeys
  3 crimson imps
  2 centaur zombies
  2 bullfrog zombies
  A quasit (D:9)
  3 jellies
  14 orc priests
  4 hounds
  2 bullfrog skeletons
  3 centaur skeletons
  8 orc wizards
  7 iguanas
  7 worker ants
  A killer bee zombie (D:9)
  4 hound skeletons
  A hound zombie (D:10)
  A howler monkey skeleton (D:4)
  4 gnolls (D:6)
  11 adders
  35 river rats
  2 shadow imps
  4 oozes
  2 adder skeletons
  9 leopard geckos
  53 orcs
  3 bats
  A giant cockroach (D:2)
  3 goblins
  3 hobgoblins
  4 quokkas
  3 frilled lizards
  A giant cockroach zombie (D:5)
  10 kobolds
  A leopard gecko zombie (D:8)
  A rat (D:1)
357 creatures vanquished.

Vanquished Creatures (others)
  A water elemental (D:10)
  A plant (D:10)
2 creatures vanquished.

Grand Total: 359 creatures vanquished

Notes
Turn   | Place    | Note
-------+----------+-------------------------------------------
     0 | D:1      | Amnesiac the Deep Elf Earth Elementalist began the quest for the Orb.
     0 | D:1      | Reached XP level 1. HP: 10/10 MP: 6/6
   143 | D:1      | Reached XP level 2. HP: 13/15 MP: 0/8
   300 | D:2      | Reached skill level 4 in Earth Magic
   331 | D:2      | Learned a level 2 spell: Passwall
   354 | D:2      | Reached XP level 3. HP: 19/19 MP: 3/10
   441 | D:3      | Reached XP level 4. HP: 19/24 MP: 3/12
   455 | D:3      | Learned a level 4 spell: Petrify
   580 | D:3      | Reached skill level 5 in Earth Magic
   678 | D:4      | Reached XP level 5. HP: 25/28 MP: 9/14
   685 | D:4      | Learned a level 5 spell: Lee's Rapid Deconstruction
   795 | D:4      | Reached skill level 5 in Spellcasting
  1079 | D:4      | Reached skill level 6 in Earth Magic
  1120 | D:4      | Reached XP level 6. HP: 32/32 MP: 12/16
  1289 | D:5      | Entered Level 5 of the Dungeon
  1319 | D:5      | Noticed a water moccasin
  1322 | D:5      | Killed a water moccasin
  1343 | D:5      | Reached skill level 7 in Earth Magic
  1359 | D:5      | Reached XP level 7. HP: 36/36 MP: 13/18
  2149 | D:5      | Got an ancient ring mail
  2160 | D:5      | Identified the +5 ring mail of Leaves {rC+ Str+2 Int-2} (You found it on level 5 of the Dungeon)
  2317 | D:6      | Found a staircase to the Ecumenical Temple.
  2346 | Temple   | Entered the Ecumenical Temple
  2352 | Temple   | Became a worshipper of Sif Muna the Loreminder
  2400 | D:6      | Reached skill level 8 in Earth Magic
  2644 | D:6      | Reached XP level 8. HP: 30/41 MP: 15/21
  2720 | D:5      | Reached skill level 9 in Earth Magic
  2835 | D:6      | Reached * piety under Sif Muna
  3163 | D:6      | Reached skill level 10 in Earth Magic
  3467 | D:7      | Reached ** piety under Sif Muna
  4060 | D:7      | Found a radiant altar of Vehumet.
  4065 | D:7      | Reached XP level 9. HP: 45/45 MP: 21/24
  4068 | D:7      | Found a stormy altar of Qazlal.
  4068 | D:7      | Found a burning altar of Makhleb.
  4072 | D:7      | Found a basalt altar of Yredelemnul.
  4073 | D:7      | Found a snail-covered altar of Cheibriados.
  4121 | D:7      | Reached skill level 11 in Earth Magic
  4221 | D:8      | Gained mutation: You tend to lose your temper in combat. [mutagenic meat]
  4290 | D:8      | Reached skill level 10 in Spellcasting
  4331 | D:8      | Learned a level 3 spell: Stone Arrow
  5002 | D:9      | HP: 2/45 [phantom (4)]
  5003 | D:9      | Reached skill level 12 in Earth Magic
  5160 | D:9      | Reached *** piety under Sif Muna
  5636 | D:9      | Found a staircase to the Orcish Mines.
  5957 | D:9      | Reached XP level 10. HP: 50/50 MP: 13/27
  6261 | D:10     | Entered Level 10 of the Dungeon
  6296 | D:10     | Reached skill level 13 in Earth Magic
  6614 | D:10     | Found a large runed door.
  6614 | D:10     | Found a large runed door.
  6660 | D:10     | Found a staircase to the Lair.
  6665 | D:10     | Reached **** piety under Sif Muna
  6825 | D:10     | Got a smoking quarterstaff
  6943 | D:10     | Noticed a hill giant
  6946 | D:10     | Killed a hill giant
  7028 | D:10     | Noticed a death knight
  7138 | D:11     | Noticed ololoev's ghost (novice DgAr)
  7192 | D:11     | Killed ololoev's ghost
  7192 | D:11     | Reached skill level 14 in Earth Magic
  7335 | D:11     | Gained mutation: You have sharp toenails. [potion of mutation]
  7335 | D:11     | Gained mutation: Your spells are a little harder to cast, but a little more powerful. [potion of mutation]
  7369 | D:11     | Noticed a red ugly thing
  7372 | D:11     | Killed a red ugly thing
  7383 | D:11     | Gained mutation: You passively map a small area around you. [mutagenic meat]
  7386 | D:11     | Gained mutation: You are weak. (Str -2) [mutagenic meat]
  7392 | D:11     | Gained mutation: You are very weak. (Str -4) [mutagenic meat]
  7625 | D:11     | Reached ***** piety under Sif Muna
  7760 | D:11     | HP: 1/50 [something (12)]
  8096 | D:11     | Found a shadowy altar of Dithmenos.
  8125 | D:11     | Reached XP level 11. HP: 46/54 MP: 21/29
  8128 | D:11     | Identified Sif Muna's Papyrus of Hurtful Evil Arts (Sif Muna gifted it to you on level 11 of the Dungeon)
  8128 | D:11     | Received a gift from Sif Muna
  8144 | D:11     | Learned a level 3 spell: Regeneration
  8147 | D:11     | Learned a level 2 spell: Corpse Rot
  8731 | D:11     | Killed an unseen horror
  8731 | D:11     | Reached skill level 15 in Earth Magic
  9268 | D:10     | Killed a death knight
  9292 | D:10     | HP: 1/54 [something (6)]
  9906 | D:10     | Killed an unseen horror
 10577 | D:10     | Noticed a hill giant
 10583 | D:10     | Killed a hill giant
 10766 | Orc:1    | Entered Level 1 of the Orcish Mines
 10772 | Orc:1    | Found a roughly hewn altar of Beogh.
 10902 | Orc:1    | Reached skill level 16 in Earth Magic
 11074 | Orc:1    | Found a roughly hewn altar of Beogh.
 11108 | Orc:1    | Identified Sif Muna's Volume of Protection and Darkness (Sif Muna gifted it to you on level 1 of the Orcish Mines)
 11108 | Orc:1    | Received a gift from Sif Muna
 11125 | Orc:1    | Learned a level 6 spell: Deflect Missiles
 11128 | Orc:1    | Noticed an orc warlord
 11386 | Orc:1    | Reached skill level 1 in Charms
 11386 | Orc:1    | Reached skill level 1 in Air Magic
 12011 | Lair:1   | Entered Level 1 of the Lair of Beasts
 12035 | Lair:1   | Gained mutation: Your system is resistant to poisons. (rPois) [potion of mutation]
 12035 | Lair:1   | Gained mutation: You are dopey. (Int -2) [potion of mutation]
 12035 | Lair:1   | Gained mutation: Your spells are harder to cast, but more powerful. [potion of mutation]
 12559 | Lair:1   | Reached XP level 12. HP: 58/59 MP: 27/32
 12561 | Lair:1   | Reached skill level 5 in Charms
 13597 | Lair:2   | Found a staircase to the Snake Pit.
 13751 | Lair:2   | Found a staircase to the Shoals.
 13871 | Lair:2   | Noticed an eight-headed hydra
 13890 | Lair:2   | Killed an eight-headed hydra
 13890 | Lair:2   | Identified Roxanne's Papyrus of the Mountains (Sif Muna gifted it to you on level 2 of the Lair of Beasts)
 13890 | Lair:2   | Received a gift from Sif Muna
 13890 | Lair:2   | Reached skill level 15 in Spellcasting
 13987 | Lair:2   | Learned a level 5 spell: Bolt of Magma
 14087 | Lair:2   | Reached skill level 1 in Conjurations
 14426 | Lair:3   | Noticed a seven-headed hydra
 14493 | Lair:2   | HP: 1/59 [wolf (9)]
 14515 | Lair:2   | Slain by a wolf

Vault maps used:
D:1:      minmay_arrival_diagonal_passages, roderic_greek_sauvastika
D:3:      first_bread, uniq_jessica
D:6:      black_bear_nest_1, corexii_corridor_pit
D:7:      minitemple
D:9:      orc_0_dummy
D:10:     david_lair_shrubbed, hangedman_stone_soup, minivault_20,
          lightli_elemental_guards
D:11:     grunt_dithmenos_smoke
Temple:   nicolae_temple_x_marks_the_god
Lair:2:   elwin_shoals_entry_rocks, minmay_snake_entry_guardpost_medium,
          grunt_megastairs_1
Lair:3:   cheibrodos_magma_flow
Orc:1:    basic_altar, mines2_david

Skill      XL: |  1  2  3  4  5  6  7  8  9 10 11 12 |
---------------+-------------------------------------+-----
Earth Magic    | 4 5 6 7 8 10 12 14 16 | 16.1
Spellcasting   | 4 5 6 7 9 11 12 14 15 | 15.5
Charms         | 4 6 |  6.0
Air Magic      | 3 4 |  4.2
Conjurations   | 3 |  3.4
Dodging        | |  2.4
Stealth        | |  2.4
Transmutations | |  1.1

Action                   |  1- 3 |  4- 6 |  7- 9 | 10-12 || total
-------------------------+-------+-------+-------+-------++-------
Melee: Unarmed           |     5 |       |       |       ||     5
       Kick              |       |       |       |     1 ||     1
Throw: Stone             |       |       |     1 |       ||     1
 Cast: Sandblast         |    38 |    67 |    87 |   146 ||   338
       Lee's Rapid Decon |       |       |    19 |   152 ||   171
       Petrify           |       |       |     7 |    38 ||    45
       Stone Arrow       |       |       |    61 |    61 ||   122
Invok: Divine Energy     |       |       |     1 |       ||     1
Evoke: Wand              |       |       |       |     1 ||     1
  Use: Scroll            |       |       |       |    23 ||    23
       Potion            |       |       |       |    10 ||    10
  Eat: Chunk             |       |     1 |    22 |    31 ||    54
       Bread ration      |       |       |       |     3 ||     3
Armor: Robe              |     7 |     1 |     6 |    17 ||    31
Dodge: Dodged            |    19 |     6 |    50 |    84 ||   159
